 Dungeon Crawl Stone Soup version 0.27.1-1-g398f81649c (webtiles) character file.

Game seed: 479765802825240008

364456 MisterFreud the Envoy of Void (level 22, -37/177 HPs)
             Began as a Gnoll Fighter on Sept 13, 2021.
             Was a High Priest of Lugonu.
             Killed from afar by a deep elf annihilator (45 damage)
             ... with a poison arrow
             ... on level 3 of the Elven Halls.
             The game lasted 02:38:13 (75915 turns).

MisterFreud the Envoy of Void (Gnoll Fighter)      Turns: 75915, Time: 02:38:14

Health: -37/177    AC: 16    Str: 15      XL:     22   Next: 52%
Magic:  40/40      EV: 23    Int: 27      God:    Lugonu [*****.]
Gold:   589        SH: 16    Dex: 21 (22) Spells: 3/50 levels left

rFire    . . .     SeeInvis +   a - +8 demon trident (elec)
rCold    + . .     Faith    +   Q - +2 kite shield
rNeg     . . .     Spirit   .   W - +4 robe of Augmentation {Str+4 Int+4 Dex+4}
rPois    .         Reflect  .   L - +0 helmet of the Mackerel {Will+ rCorr Dex+6}
rElec    .         Harm     .   v - +2 cloak {Will+}
rCorr    +         Rampage  .   E - +0 pair of gloves
Will     +++..                  S - +0 pair of boots
Stlth    ++++++....             j - amulet of faith
HPRegen  0.39/turn              V - ring of see invisible
MPRegen  0.27/turn              A - ring of Facwen {rC+ Str-5 Int+6 Slay+5}

@: lethally poisoned (-37 -> -75)
A: fangs 1, strong nose, distributed training
}: 2/15 runes: serpentine, barnacled
a: Renounce Religion, Depart the Abyss, Bend Space, Banish, Corrupt, Enter the
Abyss


You were on level 3 of the Elven Halls.
You worshipped Lugonu.
Lugonu was extremely pleased with you.
You visited 7 branches of the dungeon, and saw 38 of its levels.
You visited the Abyss 1 time.

You collected 4181 gold pieces.
You spent 3592 gold pieces at shops.

Inventory:

Hand Weapons
 a - a +8 demon trident of electrocution (weapon)
 b - the +8 hand crossbow of Suekhloz {penet, rN+ Will+}
   (You found it on level 1 of the Vaults)

   Any ammunition fired by it passes through the targets it hits, potentially
   hitting all targets in its path until it reaches maximum range.
   rN:        It protects you from negative energy.
   Will:      It increases your willpower.
Missiles
 q - 8 silver javelins
 t - 18 curare-tipped darts (quivered)
 u - 882 bolts
 K - 13 throwing nets
Armour
 v - a +2 cloak of willpower (worn)
 E - a +0 pair of gloves (worn)
 G - the +2 ratskin cloak {*Rats rPois rN+ Str-1 Int-1 Dex+1}
   (You found it on level 2 of the Snake Pit)

   When the wearer is hurt, rats may emerge from it to assist them.
   Str:       It affects your strength (-1).
   Int:       It affects your intelligence (-1).
   Dex:       It affects your dexterity (+1).
   rPois:     It protects you from poison.
   rN:        It protects you from negative energy.
 L - the +0 helmet of the Mackerel (worn) {Will+ rCorr Dex+6}
   (You found it on level 4 of the Shoals)

   Dex:       It affects your dexterity (+6).
   rCorr:     It protects you from acid and corrosion.
   Will:      It increases your willpower.
 Q - a +2 kite shield (worn)
 S - a +0 pair of boots (worn)
 W - the +4 robe of Augmentation (worn) {Str+4 Int+4 Dex+4}
   (You found it on level 1 of the Lair of Beasts)

   Str:       It affects your strength (+4).
   Int:       It affects your intelligence (+4).
   Dex:       It affects your dexterity (+4).
Jewellery
 c - the ring "Yseyhufi" {Int+6 Dex+6 Slay+3}
   (You found it on level 9 of the Dungeon)

   [ring of dexterity]

   Int:       It affects your intelligence (+6).
   Dex:       It affects your dexterity (+6).
   Slay:      It affects your accuracy & damage with ranged weapons and melee
   (+3).
 g - the ring of Lucidity {Will+ rCorr}
   (You found it on level 14 of the Dungeon)

   [ring of resist corrosion]

   rCorr:     It protects you from acid and corrosion.
   Will:      It increases your willpower.
 j - an amulet of faith (around neck)
 m - the brooch of Shielding {Spirit SH+8}
   (You found it on level 2 of the Elven Halls)

   [amulet of guardian spirit]

   It causes incoming damage to be divided between your reserves of health and
   magic.
   SH:        It affects your SH (+8).
 A - the ring of Facwen (right hand) {rC+ Str-5 Int+6 Slay+5}
   (You acquired it on level 2 of the Lair of Beasts)

   [ring of intelligence]

   Str:       It affects your strength (-5).
   Int:       It affects your intelligence (+6).
   Slay:      It affects your accuracy & damage with ranged weapons and melee
   (+5).
   rC:        It protects you from cold.
 V - a ring of see invisible (left hand)
Wands
 i - a wand of acid (6)
 l - a wand of paralysis (24)
 r - a wand of iceblast (32)
 y - a wand of flame (91)
 O - a wand of polymorph (10)
 R - a wand of charming (9)
 T - a wand of mindburst (51)
 Y - a wand of digging (8)
Scrolls
 e - 3 scrolls of blinking
 f - 3 scrolls of fear
 s - 9 scrolls of teleportation
 w - 2 scrolls of summoning
 B - 5 scrolls of amnesia
 C - 3 scrolls of magic mapping
 F - 4 scrolls of enchant armour
 I - 4 scrolls of holy word
 N - 5 scrolls of fog
 X - 2 scrolls of silence
Potions
 d - 7 potions of might
 h - 8 potions of curing
 k - 5 potions of flight
 o - 9 potions of haste
 p - 5 potions of lignification
 x - 6 potions of brilliance
 z - 2 potions of cancellation
 D - 4 potions of resistance
 J - a potion of invisibility
 M - 5 potions of mutation
 P - 9 potions of berserk rage
 Z - 4 potions of heal wounds
Miscellaneous
 H - a condenser vane
 U - a phantom mirror


   Skills:
 + Level 15.7 Fighting
 + Level 15.1 Short Blades
 + Level 14.6 Long Blades
 + Level 14.6 Axes
 + Level 14.6 Maces & Flails
 + Level 14.6 Polearms
 + Level 14.6 Staves
 + Level 14.6 Slings
 + Level 14.6 Bows
 + Level 14.6 Crossbows
 + Level 14.6 Throwing
 + Level 15.7 Armour
 + Level 14.6 Dodging
 + Level 14.6 Stealth
 + Level 15.7 Shields
 + Level 14.6 Unarmed Combat
 + Level 14.6 Spellcasting
 + Level 12.6 Conjurations
 + Level 12.6 Hexes
 + Level 12.6 Summonings
 + Level 12.6 Necromancy
 + Level 12.6 Translocations
 + Level 12.6 Transmutations
 + Level 12.6 Fire Magic
 + Level 12.6 Ice Magic
 + Level 12.6 Air Magic
 + Level 12.6 Earth Magic
 + Level 12.6 Poison Magic
 + Level 15.7 Invocations
 + Level 14.6 Evocations


You had 3 spell levels left.
You knew the following spells:

 Your Spells              Type           Power      Damage    Failure   Level
a - Ozocubu's Armour      Ice            73%        N/A       1%          3
b - Passwall              Tmut/Erth      60%        N/A       1%          2
c - Mephitic Cloud        Conj/Pois/Air  73%        N/A       1%          3
d - Swiftness             Air            73%        N/A       1%          3
e - Airstrike             Air            36%        N/A       1%          4
f - Summon Lightning Spi  Summ/Air       73%        N/A       1%          4
g - Apportation           Tloc           100%       N/A       0%          1
h - Invisibility          Hex            36%        N/A       2%          6
i - Dispersal             Tloc           36%        N/A       2%          6
j - Haunt                 Necr/Summ      36%        N/A       13%         7
k - Iron Shot             Conj/Erth      36%        9d7       2%          6
l - Blink                 Tloc           N/A        N/A       1%          2

Your spell library contained the following spells:

 Spells                   Type           Power      Damage    Failure   Level
 Animate Skeleton         Necr           100%       N/A       0%          1
 Corona                   Hex            81%        N/A       0%          1
 Foxfire                  Conj/Fire      100%       2x1d9     0%          1
 Magic Dart               Conj           100%       1d8       0%          1
 Sandblast                Erth           100%       2d20      0%          1
 Shock                    Conj/Air       100%       1d9       0%          1
 Summon Small Mammal      Summ           100%       N/A       0%          1
 Call Imp                 Summ           73%        N/A       1%          2
 Searing Ray              Conj           100%       3d7       1%          2
 Slow                     Hex            73%        N/A       1%          2
 Confusing Touch          Hex            73%        N/A       1%          3
 Conjure Flame            Conj/Fire      73%        6-21      1%          3
 Inner Flame              Hex/Fire       73%        N/A       1%          3
 Lesser Beckoning         Tloc           36%        N/A       1%          3
 Vampiric Draining        Necr           36%        2d11      1%          3
 Animate Armour           Summ/Erth      100%       N/A       1%          4
 Fulminant Prism          Conj/Hex       36%        3d18      1%          4
 Hailstorm                Conj/Ice       73%        3d15      1%          4
 Ice Form                 Ice/Tmut       73%        N/A       1%          4
 Iskenderun's Mystic Bla  Conj/Tloc      73%        2d15      1%          4
 Alistair's Intoxication  Tmut/Pois      48%        N/A       1%          5
 Blade Hands              Tmut           36%        N/A       1%          5
 Excruciating Wounds      Necr           36%        N/A       1%          5
 Fireball                 Conj/Fire      36%        3d15      1%          5
 Lee's Rapid Deconstruct  Erth           36%        3d19*     1%          5
 Lightning Bolt           Conj/Air       36%        1d54      1%          5
 Manifold Assault         Tloc           73%        N/A       1%          5
 Yara's Violent Unravell  Hex/Tmut       36%        3d15      1%          5
 Simulacrum               Ice/Necr       36%        N/A       2%          6
 Starburst                Conj/Fire      36%        6d11      2%          6
 Orb of Destruction       Conj           36%        9d13      13%         7
 Ozocubu's Refrigeration  Ice            36%        4d12      13%         7
 Disjunction              Tloc           36%        N/A       69%         8
 Ignition                 Fire           36%        3d11      69%         8
 Death's Door             Necr           36%        N/A       100%        9


Dungeon Overview and Level Annotations

Branches:
Dungeon (15/15)            Temple (0/1) D:6            Lair (6/6) D:11
 Shoals (4/4) Lair:3        Snake (4/4) Lair:4        Slime (0/5) Lair:6
    Orc (2/2) D:10            Elf (3/3) Orc:2        Vaults (4/5) D:13
  Crypt (0/3) Vaults:2     Depths (0/5) D:15

Altars:
Hepliaklqana
Makhleb
Ru
Sif Muna
Uskayaw
The Shining One
Beogh
Jiyva
Lugonu

Shops:
D:3 ?   D:6 *   D:10 (   Orc:2 =*[(   Elf:1 :   Elf:3 !   Snake:1 !   Snake:2 *
Snake:3 !   Vaults:3 *=((

Portals:
Hell: Lair:6

Annotations:
D:13 2 runed translucent doors, exclusion: orange crystal statue
Lair:2 exclusion: oklob plant
Lair:4 3 runed translucent doors, Kyusiynim's ghost, journeyman GnEn
Lair:6 exclusion: 2 oklob plants
Vaults:4 Boris


Innate Abilities, Weirdness & Mutations

You have very sharp teeth.
Your uncanny sense of smell can sniff out nearby items.
Your experience applies equally to all skills.


Message History

You hit the large abomination but do no damage.
Lightning courses through the large abomination!!
The large abomination is severely damaged.
You impale the large abomination!!
You destroy the large abomination!
A quasit comes into view.
You block the quasit's attack. The quasit misses you.
The quasit claws you but does no damage.
You block the quasit's attack. The quasit completely misses you.
The quasit claws you.
You feel clumsy.
An apocalypse crab comes into view.
You block the quasit's attack. The quasit completely misses you.
The quasit claws you but does no damage. 2 thrashing horrors and a spatial maelstrom come into view.
You pass through the gate.
Welcome back to the Elven Halls!
The deep elf sorcerer gestures at you while chanting.
You resist with almost no effort.
The deep elf master archer shoots an arrow.
You block the arrow.
The deep elf master archer shoots an arrow.
You block the arrow.
The deep elf sorcerer gestures at you while chanting.
The sphere of damnation explodes!
The damnation engulfs you!!!
* * * LOW HITPOINT WARNING * * *
You hear a shout! x7
The deep elf annihilator gestures at you while chanting.
The poison arrow hits you!!
You are poisoned.
* * * LOW HITPOINT WARNING * * *
Unknown command.
As you read the scroll of fog, it crumbles to dust.
The scroll dissolves into smoke.
* * * LOW HITPOINT WARNING * * *
You feel very sick.
The deep elf annihilator gestures at you while chanting.
The poison arrow hits you!!!
You are more poisoned.
You die...

#.# #.# #..... #.# #.# #.....
#.# #.# #..... #.# #.# #.....
##'## #############'####....
##...## ##.....#............###
##.....###...................#
##.......#.....§§§............#
#.............)§@§§...........#
#..............§§§............#
#.............................#
#............)...............##
#.............e.............##
#...........e..............##
#.........#.e...e.........##
#............[..[#.......##
#.......)...)...##......##


You could see a deep elf master archer, a deep elf annihilator, a deep elf death
mage and a deep elf sorcerer.

Vanquished Creatures
  Mara (Shoals:3)
  Nikola (Vaults:2)
  A bone dragon (Abyss:2)
  A tentacled monstrosity (Vaults:4)
  Rupert (D:15)
  A deep elf blademaster (Elf:2)
  A tentacled starspawn (Abyss:2)
  Gastronok (Lair:1)
  Agnes (D:15)
  Polyphemus (Shoals:3)
  A shadow dragon (Vaults:3)
  14 nagarajas (Snake:4)
  A fire giant (Vaults:4)
  8 vault wardens
  3 deep elf sorcerers
  2 orc warlords
  A ghost moth (shapeshifter) (Vaults:1)
  A deep elf elementalist (Elf:2)
  4 stone giants
  10 very ugly things
  12 ironbound preservers
  5 deep elf demonologists
  7 dire elephants
  2 deep elf annihilators (Elf:3)
  An entropy weaver (Vaults:2)
  A merfolk javelineer (Shoals:4)
  2 deep elf death magi
  Snorg (D:13)
  2 fire dragons
  8 yaktaur captains
  4 salamander tyrants
  2 hydras
  3 deep elf high priests
  9 ironbound thunderhulks
  Fannar (Lair:3)
  4 great orbs of eyes
  10 vault guards
  9 naga warriors
  6 merfolk impalers
  2 alligator snapping turtles
  3 boulder beetles
  4 satyrs
  4 catoblepae
  3 merfolk aquamancers
  2 peacekeepers
  7 anacondas
  12 ironbound frosthearts
  Erica (D:9)
  17 dancing weapons
  A two-headed ogre (D:11)
  12 centaur warriors
  2 tengu warriors (D:14)
  11 death yaks
  3 shock serpents
  5 thrashing horrors (Abyss:2)
  11 naga sharpshooters
  5 orc high priests
  6 ironbound beastmasters
  11 deep elf knights
  A sixfirhy (Lair:6)
  A titan skeleton (Vaults:2)
  2 skeletal warriors (Vaults:2)
  A wretched star (Abyss:2)
  6 large abominations (Abyss:2)
  4 salamander mystics
  10 sea snakes
  32 deep trolls
  A glowing orange brain (Vaults:4)
  8 naga ritualists
  5 deep elf archers
  9 wizards
  18 ironbound convokers
  4 lindwurms
  19 orc knights
  A phantasmal warrior (Vaults:3)
  22 deep elf zephyrmancers
  16 deep elf pyromancers
  13 harpies
  7 mana vipers
  A necromancer (Vaults:1)
  5 cyclopes
  2 tengu skeletons (Vaults:2)
  6 orc sorcerers
  14 manticores
  10 fauns
  21 ugly things
  15 salamanders
  A rust devil (Abyss:1)
  6 vault sentinels
  26 black mambas
  4 merfolk sirens
  4 elephants
  A gargoyle (D:12)
  A stone giant skeleton (Vaults:2)
  6 naga magi
  A torpor snail (Lair:3)
  14 cane toads
  5 water nymphs
  6 guardian serpents
  3 orange demons
  5 rime drakes
  2 freezing wraiths (D:14)
  A nameless horror (Elf:2)
  9 komodo dragons
  22 yaktaurs
  5 harpy zombies (Shoals:3)
  3 red devils (Lair:6)
  5 human skeletons (Vaults:2)
  A hellwing (Lair:6)
  21 merfolk
  5 polar bears
  3 yaktaur skeletons (Vaults:2)
  8 trolls
  3 meliai (D:14)
  8 wind drakes
  Prince Ribbit (D:7)
  7 dream sheep
  10 slime creatures
  6 snapping turtles
  5 blink frogs (Lair:3)
  2 air elementals
  A shadow (D:11)
  An ettin skeleton (Vaults:2)
  A tarantella (Vaults:2)
  A tarantella (shapeshifter) (D:13)
  63 yaks
  A wraith (D:11)
  A ynoxinul (Abyss:2)
  9 water elementals
  6 redbacks (Vaults:2)
  A wyvern (Lair:3)
  4 basilisks
  A fire elemental (Lair:1)
  11 vampire mosquitoes
  A steam dragon (D:6)
  26 nagas
  2 wargs (Orc:2)
  6 acid dragons
  4 hell hounds (Lair:6)
  24 water moccasins
  7 black bears
  3 ice beasts
  55 orc warriors
  2 sky beasts
  A necrophage (D:7)
  7 ogres
  11 wolves
  3 boggarts (Vaults:2)
  12 centaurs
  A phantom (D:4)
  A kobold brigand (D:10)
  4 earth elementals
  20 bullfrogs
  3 scorpions
  2 gnoll sergeants
  17 killer bees
  8 wights
  9 howler monkeys
  A bullfrog zombie (D:5)
  2 jellies
  2 centaur zombies
  Crazy Yiuf (D:2)
  A centaur skeleton (D:5)
  22 orc priests
  6 hounds
  A gnoll shaman (D:6)
  Terence (D:2)
  3 iguanas
  36 orc wizards
  A killer bee zombie (D:6)
  A small abomination (Abyss:1)
  A hound skeleton (D:4)
  Robin (D:3)
  A howler monkey skeleton (D:4)
  2 howler monkey zombies
  7 adders
  21 gnolls
  2 white imps
  3 ufetubi
  An adder skeleton (D:2)
  A worm (D:3)
  5 dart slugs
  124 orcs
  5 ball pythons
  A bat zombie (Shoals:3)
  6 endoplasms
  3 giant cockroaches
  10 hobgoblins
  2 jackals (D:1)
  2 quokkas
  5 bats
  16 goblins
  10 kobolds
  5 rats
  2 starspawn tentacles (Abyss:2)
1374 creatures vanquished.

Vanquished Creatures (collateral kills)
  Asterion (Snake:1)
  Frances (Snake:2)
  Donald (Shoals:3)
  2 nagarajas (Snake:4)
  4 vault wardens
  2 ironbound preservers (Vaults:3)
  2 dire elephants
  A merfolk impaler (Shoals:2)
  A deep elf high priest (Elf:3)
  2 yaktaur captains
  An ironbound thunderhulk (Vaults:3)
  A salamander tyrant (Snake:4)
  5 naga warriors (Snake:4)
  3 vault guards
  A great orb of eyes (Vaults:2)
  A centaur warrior (Shoals:2)
  2 merfolk aquamancers (Shoals:4)
  A dancing weapon (Elf:2)
  3 naga sharpshooters (Snake:4)
  A death yak (Shoals:3)
  3 ironbound beastmasters
  2 deep elf knights (Elf:2)
  2 skeletal warriors (Vaults:2)
  A sea snake (Shoals:1)
  10 deep trolls
  2 lindwurms (Vaults:3)
  2 deep elf pyromancers
  2 deep elf archers (Elf:1)
  An ironbound convoker (Vaults:1)
  An orc knight (Vaults:4)
  A naga ritualist (Snake:1)
  2 harpies (Shoals:2)
  An ugly thing (Vaults:3)
  A tengu skeleton (Vaults:2)
  2 deep elf zephyrmancers (Elf:1)
  2 mana vipers
  2 elephants
  2 salamanders (Snake:4)
  A manticore (Shoals:4)
  A cyclops (Shoals:2)
  4 fauns
  A merfolk siren (Shoals:3)
  2 black mambas (Snake:1)
  4 naga magi
  A water nymph (Shoals:4)
  5 yaktaurs
  3 merfolk
  A wind drake (Shoals:2)
  A snapping turtle (Shoals:2)
  A yak (Lair:1)
  A basilisk (Lair:2)
  7 nagas
  An orc warrior (Orc:2)
  An orc priest (Orc:1)
  2 orcs
112 creatures vanquished.

Vanquished Creatures (others)
  An entropy weaver (Vaults:2)
  A deep elf knight (Elf:2)
  An orc knight (Vaults:2)
  2 boggarts (Vaults:2)
  An orc (Orc:2)
  67 fungi
  255 plants
  2 starspawn tentacles (Abyss:2)
330 creatures vanquished.

Grand Total: 1816 creatures vanquished

Notes
Turn   | Place    | Note
-------+----------+-------------------------------------------
     0 | D:1      | MisterFreud the Gnoll Fighter began the quest for the Orb.
     0 | D:1      | Reached XP level 1. HP: 23/23 MP: 1/1
   311 | D:1      | Reached XP level 2. HP: 26/29 MP: 2/2
   657 | D:1      | Reached XP level 3. HP: 33/35 MP: 3/3
   819 | D:2      | Noticed Terence
  1125 | D:3      | Reached skill level 1 in Invocations
  1285 | D:3      | Reached skill level 1 in Long Blades
  1285 | D:3      | Reached skill level 1 in Axes
  1285 | D:3      | Reached skill level 1 in Maces & Flails
  1285 | D:3      | Reached skill level 1 in Polearms
  1285 | D:3      | Reached skill level 1 in Staves
  1285 | D:3      | Reached skill level 1 in Slings
  1285 | D:3      | Reached skill level 1 in Bows
  1285 | D:3      | Reached skill level 1 in Crossbows
  1285 | D:3      | Reached skill level 1 in Throwing
  1285 | D:3      | Reached skill level 1 in Dodging
  1285 | D:3      | Reached skill level 1 in Stealth
  1285 | D:3      | Reached skill level 1 in Unarmed Combat
  1285 | D:3      | Reached skill level 1 in Spellcasting
  1285 | D:3      | Reached skill level 1 in Evocations
  1346 | D:3      | Noticed Robin
  1374 | D:3      | Reached XP level 4. HP: 22/41 MP: 5/5
  1583 | D:3      | Killed Robin
  1787 | D:3      | Found a hide-covered altar of Uskayaw.
  1823 | D:3      | Noticed a black bear
  1836 | D:3      | Killed a black bear
  1837 | D:3      | Reached skill level 1 in Conjurations
  1837 | D:3      | Reached skill level 1 in Hexes
  1837 | D:3      | Reached skill level 1 in Summonings
  1837 | D:3      | Reached skill level 1 in Necromancy
  1837 | D:3      | Reached skill level 1 in Translocations
  1837 | D:3      | Reached skill level 1 in Transmutations
  1837 | D:3      | Reached skill level 1 in Fire Magic
  1837 | D:3      | Reached skill level 1 in Ice Magic
  1837 | D:3      | Reached skill level 1 in Air Magic
  1837 | D:3      | Reached skill level 1 in Earth Magic
  1837 | D:3      | Reached skill level 1 in Poison Magic
  1837 | D:3      | Reached XP level 5. HP: 42/47 MP: 7/7
  1883 | D:3      | Found a glowing golden altar of the Shining One.
  1915 | D:3      | Found a sacrificial altar of Ru.
  1968 | D:3      | Found Gadianwakhle's Magic Scroll Shoppe.
  1977 | D:3      | Bought a scroll of teleportation for 33 gold pieces
  1977 | D:3      | Bought a scroll of identify for 22 gold pieces
  2324 | D:2      | Killed Terence
  2325 | D:2      | Reached XP level 6. HP: 51/52 MP: 8/8
  2386 | D:2      | Found a runed translucent door.
  2387 | D:2      | Noticed Crazy Yiuf
  2394 | D:2      | Killed Crazy Yiuf
  2572 | D:2      | Found a faded altar of an unknown god.
  2582 | D:2      | Became a worshipper of Lugonu the Unformed
  2582 | D:2      | Reached * piety under Lugonu
  2582 | D:2      | Reached ** piety under Lugonu
  2855 | D:4      | Reached skill level 5 in Short Blades
  3344 | D:4      | Reached XP level 7. HP: 59/59 MP: 10/10
  3622 | D:4      | You fall into a shaft and drop 2 floors!
  3858 | D:6      | Identified the +1 scale mail of the Orange Skies {*Slow
                  | Will+ rCorr Dex+2}
  3923 | D:5      | Entered Level 5 of the Dungeon
  3938 | D:5      | Reached XP level 8. HP: 56/67 MP: 12/12
  4110 | D:5      | Reached *** piety under Lugonu
  6041 | D:5      | Reached XP level 9. HP: 63/72 MP: 14/14
  6208 | D:5      | Reached **** piety under Lugonu
  6569 | D:6      | Found Wuarchou's Lightly-Used Armoury.
  6804 | D:6      | Found a staircase to the Ecumenical Temple.
  7585 | D:7      | Reached skill level 5 in Invocations
  7923 | D:7      | Got the Papyrus of Snow and Dark Secrets
  8016 | D:7      | Reached XP level 10. HP: 61/80 MP: 17/17
  8824 | D:8      | Identified the +7 quarterstaff of Destiny {freeze, rPois}
  8855 | D:8      | Reached skill level 5 in Long Blades
  8855 | D:8      | Reached skill level 5 in Axes
  8855 | D:8      | Reached skill level 5 in Maces & Flails
  8855 | D:8      | Reached skill level 5 in Polearms
  8855 | D:8      | Reached skill level 5 in Staves
  8855 | D:8      | Reached skill level 5 in Slings
  8855 | D:8      | Reached skill level 5 in Bows
  8855 | D:8      | Reached skill level 5 in Crossbows
  8855 | D:8      | Reached skill level 5 in Throwing
  8855 | D:8      | Reached skill level 5 in Dodging
  8855 | D:8      | Reached skill level 5 in Stealth
  8855 | D:8      | Reached skill level 5 in Unarmed Combat
  8855 | D:8      | Reached skill level 5 in Spellcasting
  8855 | D:8      | Reached skill level 5 in Evocations
  9209 | D:8      | Noticed Prince Ribbit
  9956 | D:7      | Killed Prince Ribbit
 11044 | D:8      | Reached ***** piety under Lugonu
 11672 | D:8      | Banished an enormous slime creature
 11673 | D:8      | Reached XP level 11. HP: 46/89 MP: 20/20
 11700 | D:8      | Reached skill level 5 in Conjurations
 11700 | D:8      | Reached skill level 5 in Hexes
 11700 | D:8      | Reached skill level 5 in Summonings
 11700 | D:8      | Reached skill level 5 in Necromancy
 11700 | D:8      | Reached skill level 5 in Translocations
 11700 | D:8      | Reached skill level 5 in Transmutations
 11700 | D:8      | Reached skill level 5 in Fire Magic
 11700 | D:8      | Reached skill level 5 in Ice Magic
 11700 | D:8      | Reached skill level 5 in Air Magic
 11700 | D:8      | Reached skill level 5 in Earth Magic
 11700 | D:8      | Reached skill level 5 in Poison Magic
 12602 | D:9      | Identified the ring "Yseyhufi" {Int+6 Dex+6 Slay+3}
 12793 | D:9      | Noticed a boulder beetle
 12813 | D:9      | Killed a boulder beetle
 13090 | D:9      | Noticed Erica
 13118 | D:9      | Killed Erica
 13686 | D:9      | Identified the +3 long sword "Ijets" {drain, rPois}
 13729 | D:10     | Entered Level 10 of the Dungeon
 13737 | D:10     | Found Maop's Weapon Shoppe.
 13740 | D:10     | Found a staircase to the Orcish Mines.
 14329 | D:10     | Noticed a two-headed ogre
 14330 | D:10     | Banished a two-headed ogre
 14788 | D:10     | Learned a level 2 spell: Blink
 14791 | D:10     | Learned a level 2 spell: Passwall
 14795 | D:10     | Learned a level 3 spell: Mephitic Cloud
 14808 | D:10     | Noticed a two-headed ogre
 14813 | D:10     | Banished a two-headed ogre
 14941 | D:10     | Found a hazy altar of Hepliaklqana.
 15259 | D:11     | Reached XP level 12. HP: 86/96 MP: 22/22
 15384 | D:11     | Found a staircase to the Lair.
 15384 | D:11     | Noticed a two-headed ogre
 15408 | D:11     | Banished a two-headed ogre
 15484 | D:11     | Noticed a two-headed ogre
 15485 | D:11     | Banished a two-headed ogre
 15816 | D:11     | Noticed a two-headed ogre
 15819 | D:11     | Killed a two-headed ogre
 16343 | Lair:1   | Entered Level 1 of the Lair of Beasts
 16813 | Lair:1   | Noticed Gastronok
 16817 | Lair:1   | Noticed a six-headed hydra
 16828 | Lair:1   | Killed Gastronok
 16842 | Lair:1   | Banished a six-headed hydra
 16843 | Lair:1   | Reached skill level 10 in Fighting
 16843 | Lair:1   | Reached skill level 10 in Armour
 16843 | Lair:1   | Reached skill level 10 in Shields
 16946 | Lair:1   | Found the +4 robe of Augmentation {Str+4 Int+4 Dex+4}
 16947 | Lair:1   | Noticed a six-headed hydra
 16958 | Lair:1   | Banished a six-headed hydra
 17426 | Lair:1   | Identified the +1 leather armour "Hero's Friend" {Harm rN+
                  | Will-}
 17431 | Lair:1   | Learned a level 3 spell: Swiftness
 17436 | Lair:1   | Learned a level 4 spell: Airstrike
 17816 | Lair:1   | Noticed a fire dragon
 17843 | Lair:1   | Killed a fire dragon
 17851 | Lair:1   | Identified the +5 great sword of Death's Door {protect,
                  | *Noise rF- rN+++ Dex+4}
 17856 | Lair:1   | Identified the +10 short sword "Death Rattle" {vamp, Dex+4}
 17870 | Lair:1   | Learned a level 4 spell: Summon Lightning Spire
 18113 | Lair:2   | Reached XP level 13. HP: 103/103 MP: 24/24
 18665 | Lair:2   | Identified a scroll of acquirement
 18667 | Lair:2   | Acquired the ring of Facwen {rC+ Str-5 Int+6 Slay+5}
 19870 | Lair:3   | Noticed Fannar
 19887 | Lair:3   | Killed Fannar
 20842 | Lair:3   | Found a staircase to the Shoals.
 21221 | Lair:4   | Found a runed translucent gate.
 21221 | Lair:4   | Found a runed translucent gate.
 21227 | Lair:4   | Noticed Kyusiynim's ghost (journeyman GnEn)
 21229 | Lair:4   | Found a runed translucent gate.
 21230 | Lair:4   | Found a viscous altar of Jiyva.
 21230 | Lair:4   | Found the +6 shillelagh "Devastator" {shatter}
 21664 | Lair:4   | Reached XP level 14. HP: 48/111 MP: 26/26
 21675 | Lair:4   | Found a staircase to the Snake Pit.
 22014 | Lair:3   | Reached skill level 10 in Short Blades
 22020 | Lair:3   | Identified the +7 trident of Brawling {vorpal, rC+}
 23541 | Lair:5   | Reached skill level 10 in Invocations
 23956 | Lair:5   | Found the +5 sword of Power {vorpal}
 24014 | Lair:5   | Acquired a scarf of repulsion
 24546 | Lair:5   | Learned a level 1 spell: Apportation
 24962 | Lair:6   | Entered Level 6 of the Lair of Beasts
 25146 | Lair:6   | Noticed a dire elephant
 25168 | Lair:6   | Killed a dire elephant
 25637 | Lair:6   | Found a burning altar of Makhleb.
 25698 | Lair:6   | Found a staircase to the Slime Pits.
 26267 | Lair:6   | Noticed a dire elephant
 26275 | Lair:6   | Killed a dire elephant
 26276 | Lair:6   | Reached XP level 15. HP: 93/119 MP: 28/28
 26898 | Lair:6   | Found a gateway to Hell.
 28150 | D:13     | Noticed Snorg
 28171 | D:13     | Killed Snorg
 28179 | D:13     | Reached ****** piety under Lugonu
 28537 | D:13     | Found a runed translucent door.
 28555 | D:13     | Reached skill level 10 in Long Blades
 28555 | D:13     | Reached skill level 10 in Axes
 28555 | D:13     | Reached skill level 10 in Maces & Flails
 28555 | D:13     | Reached skill level 10 in Polearms
 28555 | D:13     | Reached skill level 10 in Staves
 28555 | D:13     | Reached skill level 10 in Slings
 28555 | D:13     | Reached skill level 10 in Bows
 28555 | D:13     | Reached skill level 10 in Crossbows
 28555 | D:13     | Reached skill level 10 in Throwing
 28555 | D:13     | Reached skill level 10 in Dodging
 28555 | D:13     | Reached skill level 10 in Stealth
 28555 | D:13     | Reached skill level 10 in Unarmed Combat
 28555 | D:13     | Reached skill level 10 in Spellcasting
 28555 | D:13     | Reached skill level 10 in Evocations
 28600 | D:13     | Found a gate to the Vaults.
 28992 | D:13     | Found a runed translucent door.
 29001 | D:13     | Found the +10 tower shield of Ignorance {rN+ Int-4}
 30002 | D:14     | Identified the ring of Lucidity {Will+ rCorr}
 30872 | D:15     | Entered Level 15 of the Dungeon
 31073 | D:15     | Noticed Rupert
 31076 | D:15     | Paralysed by Rupert for 4 turns
 31085 | D:15     | Killed Rupert
 31944 | D:15     | Noticed a fire giant
 31948 | D:15     | Banished a fire giant
 31954 | D:15     | Noticed Agnes
 32129 | D:15     | Found a staircase to the Depths.
 32142 | D:15     | Killed Agnes
 32143 | D:15     | Reached XP level 16. HP: 73/127 MP: 30/30
 32841 | Orc:1    | Entered Level 1 of the Orcish Mines
 33116 | D:6      | Bought a -2 demon trident for 70 gold pieces
 33116 | D:6      | Identified a +0 demon trident of distortion (a -2 demon
                  | trident corrupted by Lugonu)
 33116 | D:6      | Received a gift from Lugonu
 33134 | D:6      | Learned a level 6 spell: Invisibility
 33367 | Orc:1    | Found a runed translucent door.
 34401 | Orc:2    | Entered Level 2 of the Orcish Mines
 34456 | Orc:2    | Found a staircase to the Elven Halls.
 36448 | Orc:2    | Found Deamemy's General Store.
 36449 | Orc:2    | Found Hamufi Dosuz's Jewellery Boutique.
 36451 | Orc:2    | Found Waweiwk's Antique Armour Shop.
 36451 | Orc:2    | Found Bituskaxt's Antique Weapon Shop.
 36456 | Orc:2    | Bought a translucent helmet for 285 gold pieces
 36456 | Orc:2    | Identified the +0 helmet of Cheibriados's Anger {Will-
                  | Int+6} (You bought it in a shop on level 2 of the Orcish
                  | Mines)
 36466 | Orc:2    | Bought a scroll of fear for 52 gold pieces
 36466 | Orc:2    | Bought a scroll of teleportation for 45 gold pieces
 36466 | Orc:2    | Bought a wand of acid (9) for 390 gold pieces
 36466 | Orc:2    | Bought a wand of acid (7) for 330 gold pieces
 36708 | Snake:1  | Entered Level 1 of the Snake Pit
 39522 | Snake:1  | Found Qiusm's Distillery.
 39540 | Snake:1  | Bought a potion of heal wounds for 70 gold pieces
 39540 | Snake:1  | Bought a potion of might for 56 gold pieces
 39540 | Snake:1  | Bought a potion of heal wounds for 70 gold pieces
 39540 | Snake:1  | Bought 2 potions of haste for 280 gold pieces
 39863 | Snake:1  | Noticed Asterion
 39887 | Snake:1  | Killed Asterion
 39888 | Snake:1  | Reached XP level 17. HP: 64/135 MP: 30/32
 41058 | Snake:2  | Found Elyirol's General Store.
 41066 | Snake:2  | Bought a scroll of fog for 28 gold pieces
 41066 | Snake:2  | Bought a condenser vane for 560 gold pieces
 41066 | Snake:2  | Bought a scroll of teleportation for 42 gold pieces
 41066 | Snake:2  | Bought a scroll of enchant weapon for 105 gold pieces
 41616 | Snake:2  | Found the +2 ratskin cloak {*Rats rPois rN+ Str-1 Int-1
                  | Dex+1}
 41818 | Snake:2  | Noticed Frances
 41827 | Snake:2  | Killed Frances
 42191 | Snake:3  | Found Fyfizaeg's Distillery.
 42871 | Snake:3  | Identified the +2 leather armour of the Untouchables
                  | {+Blink Int+6 Dex-3 SInv}
 43153 | Snake:4  | Entered Level 4 of the Snake Pit
 44564 | Snake:4  | Reached skill level 10 in Conjurations
 44564 | Snake:4  | Reached skill level 10 in Hexes
 44564 | Snake:4  | Reached skill level 10 in Summonings
 44564 | Snake:4  | Reached skill level 10 in Necromancy
 44564 | Snake:4  | Reached skill level 10 in Translocations
 44564 | Snake:4  | Reached skill level 10 in Transmutations
 44564 | Snake:4  | Reached skill level 10 in Fire Magic
 44564 | Snake:4  | Reached skill level 10 in Ice Magic
 44564 | Snake:4  | Reached skill level 10 in Air Magic
 44564 | Snake:4  | Reached skill level 10 in Earth Magic
 44564 | Snake:4  | Reached skill level 10 in Poison Magic
 46057 | Snake:4  | Reached XP level 18. HP: 115/143 MP: 31/33
 46438 | Snake:4  | Got a serpentine rune of Zot
 47371 | Shoals:1 | Entered Level 1 of the Shoals
 51115 | Shoals:3 | Noticed Donald
 51122 | Shoals:3 | Killed Donald
 51483 | Shoals:3 | Noticed Mara
 51487 | Shoals:3 | Noticed MisterFreud's illusion
 51906 | Shoals:3 | Noticed Polyphemus
 51969 | Shoals:3 | Killed Polyphemus
 52136 | Shoals:3 | Noticed MisterFreud's illusion
 52141 | Shoals:3 | Killed Mara
 52142 | Shoals:3 | Reached XP level 19. HP: 108/151 MP: 35/35
 52611 | Shoals:4 | Entered Level 4 of the Shoals
 53511 | Shoals:4 | Identified the +0 helmet of the Mackerel {Will+ rCorr
                  | Dex+6}
 54153 | Shoals:4 | Got a barnacled rune of Zot
 54909 | Shoals:4 | Got the Compendium of Sinister Rituals and Confrontation
 55321 | Vaults:1 | Entered Level 1 of the Vaults
 56198 | Vaults:1 | Identified the +8 hand crossbow of Suekhloz {penet, rN+
                  | Will+}
 58222 | Vaults:2 | Reached XP level 20. HP: 159/160 MP: 33/37
 59352 | Vaults:2 | Found a staircase to the Crypt.
 60283 | Vaults:2 | Noticed Nikola
 60991 | Vaults:2 | Killed Nikola
 61218 | Vaults:3 | Found Waudid's Jewellery Boutique.
 62973 | Vaults:3 | Found Fychaceh's Weapon Shoppe.
 63031 | Vaults:3 | Found Zagomiph's Weapon Emporium.
 63603 | Vaults:3 | Found Nabben's Assorted Antiques.
 63613 | Vaults:3 | Bought a potion of heal wounds for 145 gold pieces
 63613 | Vaults:3 | Bought a scroll of enchant weapon for 217 gold pieces
 63772 | Vaults:3 | Reached XP level 21. HP: 83/167 MP: 32/38
 64722 | Vaults:3 | Reached skill level 15 in Fighting
 64722 | Vaults:3 | Reached skill level 15 in Armour
 64722 | Vaults:3 | Reached skill level 15 in Shields
 65847 | Vaults:4 | Reached skill level 15 in Invocations
 66009 | Vaults:4 | Noticed Boris
 66711 | Vaults:4 | Learned a level 6 spell: Dispersal
 68056 | Elf:1    | Entered Level 1 of the Elven Halls
 69217 | Elf:1    | Learned a level 7 spell: Haunt
 70124 | Elf:1    | Found Vorub's Book Emporium.
 70132 | Elf:1    | Bought a book of Iron for 612 gold pieces
 70139 | Elf:1    | Learned a level 6 spell: Iron Shot
 71237 | Elf:2    | Found a runed translucent gate.
 71243 | Elf:2    | Found a runed translucent gate.
 71244 | Elf:2    | Found a runed translucent gate.
 71446 | Elf:2    | Reached XP level 22. HP: 87/176 MP: 36/40
 72080 | Vaults:3 | Bought a ring of see invisible for 180 gold pieces
 72923 | Elf:2    | Reached skill level 15 in Short Blades
 73708 | Elf:2    | Found the brooch of Shielding {Spirit SH+8}
 73735 | Elf:2    | Found a shimmering blue altar of Sif Muna.
 73804 | Elf:3    | Entered Level 3 of the Elven Halls
 73804 | Elf:3    | Found Lickuriy's Distillery.
 74706 | Elf:3    | Learned a level 3 spell: Ozocubu's Armour
 74738 | Elf:3    | Identified the +7 falchion "Dirunywa" {venom, rC+ Will+}
 75293 | Abyss:1  | Found a hazy altar of Hepliaklqana.
 75355 | Abyss:1  | Found a hazy altar of Hepliaklqana.
 75392 | Abyss:2  | Found a corrupted altar of Lugonu.
 75913 | Elf:3    | Escaped the Abyss
 75915 | Elf:3    | HP: 8/177 [poisoned by a deep elf annihilator (poison
                  | arrow)]
 75915 | Elf:3    | Killed from afar by a deep elf annihilator

Illustrated notes

Levels and vault maps discovered:
D:1:      dpeg_arrival_round_a, layout_basic
D:2:      layout_basic, ebering_ecumenical_altar_abandoned,
          uniq_crazy_yiuf_cottage, uniq_terence
D:3:      corexii_shack_village, layout_loops_ring,
          lemuel_coloured_pillars_altar, mainiacjoe_overflow_two_lobes,
          serial_shops, nicolae_lakefront_shop, kennysheep_generic_room_9,
          uniq_robin
D:4:      minmay_spotlight, layout_basic
D:5:      layout_basic, minivault_4
D:6:      layout_basic, minmay_temple_entry_statues_fountains,
          minmay_shop_damaged
D:7:      layout_loops_ring, kennysheep_generic_room_15
D:8:      layout_basic, special_room [special_room_orc], st_stairs_5,
          minmay_stone_trees_small, uniq_prince_ribbit1
D:9:      layout_irregular_city, uniq_erica
D:10:     layout_irregular_city, lemuel_round_altar, orc_david_3,
          minmay_diced_spiral
D:11:     layout_basic, due_lair_maze_entry_diamond, minmay_fountain_box
D:12:     layout_cave_pools, enter_bailey_5
D:13:     layout_basic, erik_vaults_2, chequers_guarded_unrand_ignorance,
          uniq_snorg
D:14:     layout_loops_cross, grunt_decor_arrowhead, david_defended_altar_orc
D:15:     grunt_enter_depths_giant_problem, layout_loops_corners,
          eino_curves_04, uniq_agnes, uniq_rupert
Lair:1:   dragon1_lemuel, layout_gridlike, uniq_gastronok
Lair:2:   layout_cave_pods, chequers_serial_rivers_marsh,
          minmay_lair_oklob_chamber, grunt_megastairs_3
Lair:3:   layout_misc_corridors, minmay_shoals_entry_lonely_mermaid,
          kennysheep_catoblepas_arena, uniq_fannar
Lair:4:   layout_loops_ring, guppyfry_snake_entry_island, gammafunk_ghost_ooze,
          chequers_serial_rivers_micro_e, grunt_megastairs_5
Lair:5:   layout_loops_ring
Lair:6:   evil_forest, layout_big_grid, slime_dummy, dpeg_oklob_1
Shoals:1: layout_shoals, nicolae_shoals_circle_sea_wall
Shoals:2: layout_shoals, hangedman_shoals_cup_caves
Shoals:3: layout_shoals, nicolae_shoals_undead_eyrie, uniq_polyphemus,
          uniq_donald, uniq_mara
Shoals:4: shoals_end_grunt_garden, layout_shoals
Snake:1:  layout_chambers, serial_shops, shop, drop_trap, uniq_asterion
Snake:2:  layout_basic, serial_shops, nicolae_stop_n_shop_2, special_room,
          uniq_frances
Snake:3:  layout_rooms, serial_shops, shop, nicolae_snake_slithery_corners
Snake:4:  grunt_snake_rune_spirals, layout_onion_interference, drop_trap,
          serial_bayou_crossing
Orc:1:    layout_diamond_mine, special_room [special_room_orc],
          lightli_church_of_beogh
Orc:2:    st_orc_congregation, layout_caves
Elf:1:    nicolae_elf_arrival_no_cutting_in_line, layout_onion_city,
          serial_shops, shop, hangedman_elf_represent, dk_noncrumbling_3
Elf:2:    elven_hall_of_blades_hangedman_original
          [nicolae_blade_entry_diamond_columns], layout_geoelf_octagon,
          nicolae_elf_theology_debate
Elf:3:    minmay_elf_hall_four_x, layout_gridlike, serial_shops, shop
Vaults:1: nicolae_vaults_network_quincunx
          [nicolae_vaults_network_quincunx_subvault,
          nicolae_vaults_network_quincunx_subvault,
          nicolae_vaults_network_quincunx_subvault,
          nicolae_vaults_network_quincunx_subvault,
          nicolae_vaults_network_quincunx_subvault], vaults_room_corners,
          nicolae_vaults_specimen_jars, nicolae_vaults_twisting_passages,
          grunt_vaults_bifocal, v_misc_17, nicolae_vaults_border_crossing,
          v_pattern_4, v_alt_pattern_2, nicolae_vaults_little_squares_3,
          layout_vaults_omnicross
Vaults:2: hangedman_vaults_nodes, grunt_vaults_trifunnel,
          minmay_crypt_entry_skeletal_spiral, v_misc_13,
          nicolae_vaults_ninety_degrees, vaults_room_hallway,
          vaults_room_semicircle, grunt_vaults_hallway_short,
          layout_vaults_big_room, uniq_nikola
Vaults:3: nicolae_vaults_network_periphery, v_misc_2, vaults_room_pool,
          v_misc_2, nicolae_vaults_windows_and_doors_thing,
          vaults_room_fancy_cross, hangedman_vaults_capsules,
          ontoclasm_vaults_shout, ontoclasm_vaults_loading_screen,
          layout_vaults_quadrants, serial_shops, nicolae_shop_waterfront,
          shop_statue, nicolae_shop_statue_plus, shop
Vaults:4: kb_rosetta, nicolae_vaults_ring_of_whatevers, hangedman_vaults_cutoff,
          nicolae_vaults_inception_corners, v_misc_19, hangedman_vaults_cutoff,
          nicolae_vaults_network_s, hangedman_vaults_corner,
          ontoclasm_vaults_gateway, v_misc_13, hangedman_vaults_impose,
          vaults_room_semicircle, v_misc_24, layout_vaults_omnibox, uniq_boris,
          uniq_frederick

Skill      XL: |  1  2  3  4  5  6  7  8  9 10 11 12 13 14 15 16 17 18 19 20 21 22 |
---------------+-------------------------------------------------------------------+-----
Invocations    | 1 2 3 4 5 6 7 8 9 10 11 12 13 14 15 | 15.7
Long Blades    | 1 2 3 4 6 7 8 9 10 11 12 13 14 | 14.6
Axes           | 1 2 3 4 6 7 8 9 10 11 12 13 14 | 14.6
Maces & Flails | 1 2 3 4 6 7 8 9 10 11 12 13 14 | 14.6
Polearms       | 1 2 3 4 6 7 8 9 10 11 12 13 14 | 14.6
Staves         | 1 2 3 4 6 7 8 9 10 11 12 13 14 | 14.6
Slings         | 1 2 3 4 6 7 8 9 10 11 12 13 14 | 14.6
Bows           | 1 2 3 4 6 7 8 9 10 11 12 13 14 | 14.6
Crossbows      | 1 2 3 4 6 7 8 9 10 11 12 13 14 | 14.6
Throwing       | 1 2 3 4 6 7 8 9 10 11 12 13 14 | 14.6
Dodging        | 1 2 3 4 6 7 8 9 10 11 12 13 14 | 14.6
Stealth        | 1 2 3 4 6 7 8 9 10 11 12 13 14 | 14.6
Unarmed Combat | 1 2 3 4 6 7 8 9 10 11 12 13 14 | 14.6
Spellcasting   | 1 2 3 4 6 7 8 9 10 11 12 13 14 | 14.6
Evocations     | 1 2 3 4 6 7 8 9 10 11 12 13 14 | 14.6
Conjurations   | 1 2 3 4 5 6 7 8 9 10 11 12 | 12.6
Hexes          | 1 2 3 4 5 6 7 8 9 10 11 12 | 12.6
Summonings     | 1 2 3 4 5 6 7 8 9 10 11 12 | 12.6
Necromancy     | 1 2 3 4 5 6 7 8 9 10 11 12 | 12.6
Translocations | 1 2 3 4 5 6 7 8 9 10 11 12 | 12.6
Transmutations | 1 2 3 4 5 6 7 8 9 10 11 12 | 12.6
Fire Magic     | 1 2 3 4 5 6 7 8 9 10 11 12 | 12.6
Ice Magic      | 1 2 3 4 5 6 7 8 9 10 11 12 | 12.6
Air Magic      | 1 2 3 4 5 6 7 8 9 10 11 12 | 12.6
Earth Magic    | 1 2 3 4 5 6 7 8 9 10 11 12 | 12.6
Poison Magic   | 1 2 3 4 5 6 7 8 9 10 11 12 | 12.6
Short Blades   | 5 6 7 8 9 10 11 12 13 14 15 | 15.1
Fighting       | 7 8 9 10 11 12 13 14 15 | 15.7
Armour         | 7 8 9 10 11 12 13 14 15 | 15.7
Shields        | 7 8 9 10 11 12 13 14 15 | 15.7

Action                   |  1- 3 |  4- 6 |  7- 9 | 10-12 | 13-15 | 16-18 | 19-21 | 22-24 || total
-------------------------+-------+-------+-------+-------+-------+-------+-------+-------++-------
Melee: Rapier            |   100 |     4 |    79 |    79 |   877 |    29 |       |       ||  1168
       Bite              |     7 |    10 |    70 |   137 |   208 |   112 |   200 |    37 ||   781
       Dagger            |       |   170 |   444 |   889 |   113 |       |       |       ||  1616
       Demon trident     |       |       |       |       |       |  1458 |  1629 |   332 ||  3419
Throw: Dart              |       |     2 |     4 |     9 |       |       |     3 |       ||    18
 Cast: Summon Lightning  |       |       |       |       |     9 |    60 |   107 |    11 ||   187
       Swiftness         |       |       |       |       |     1 |     2 |     1 |     1 ||     5
       Invisibility      |       |       |       |       |       |     1 |       |       ||     1
       Blink             |       |       |       |       |       |       |     2 |       ||     2
       Haunt             |       |       |       |       |       |       |     1 |     2 ||     3
       Mephitic Cloud    |       |       |       |       |       |       |     1 |       ||     1
Invok: Banish            |       |       |       |    11 |    16 |    13 |    11 |       ||    51
       Brand Weapon With |       |       |       |       |       |     1 |       |       ||     1
       Depart the Abyss  |       |       |       |       |       |       |       |     1 ||     1
       Enter the Abyss   |       |       |       |       |       |       |       |     1 ||     1
Evoke: Wand              |       |       |       |     1 |     3 |    15 |     5 |     3 ||    27
       Phantom mirror    |       |       |       |       |       |     3 |     1 |       ||     4
       Condenser vane    |       |       |       |       |       |     3 |     4 |     1 ||     8
  Use: Scroll            |       |     3 |       |    17 |    11 |    16 |     9 |     1 ||    57
       Potion            |       |       |     1 |     1 |     2 |     3 |     6 |     1 ||    14
 Stab: Distracted        |       |       |       |     2 |    37 |    28 |    48 |     4 ||   119
       Sleeping          |       |       |       |     8 |    30 |    16 |    33 |     5 ||    92
       Paralysed         |       |       |       |     1 |       |     3 |       |       ||     4
       Petrified         |       |       |       |       |     1 |       |       |       ||     1
       Petrifying        |       |       |       |       |       |     2 |       |       ||     2
       Invisible         |       |       |       |       |       |     1 |       |       ||     1
Armor: Scale mail        |    47 |    62 |   190 |   242 |       |       |       |       ||   541
       Acid dragon scale |       |       |       |    19 |       |       |       |       ||    19
       Robe              |       |       |       |     8 |   130 |   110 |   113 |    27 ||   388
       Chain mail        |       |       |       |       |       |    66 |       |       ||    66
Dodge: Dodged            |    29 |    60 |   148 |   261 |   371 |   528 |   566 |   126 ||  2089
       Repelled          |       |       |       |       |       |     8 |     9 |       ||    17
Block: Kite shield       |    40 |    79 |   256 |   498 |   519 |   816 |   708 |   150 ||  3066
